 Dungeon Crawl Stone Soup version 0.21-a0-229-g3587535 (webtiles) character file.

5 Dipster the Vexing (level 1, 0/16 HPs)
             Began as a Formicid Arcane Marksman on Aug 31, 2017.
             Slain by a goblin
             ... wielding a +0 dagger
              (4 damage)
             ... on level 1 of the Dungeon.
             The game lasted 00:00:54 (269 turns).

Dipster the Vexing (Formicid Arcane Marksman)        Turns: 269, Time: 00:00:55

Health: 0/16       AC:  2    Str: 14    XL:     1   Next: 88%
Magic:  2/2        EV: 12    Int: 12    God:
Gold:   10         SH:  0    Dex: 11    Spells: 1/2 levels left

rFire    . . .     SeeInvis +   g - +1 whip (holy)
rCold    . . .     Gourm    .   (no shield)
rNeg     . . .     Faith    .   e - +0 robe
rPois    .         Spirit   .   (helmet unavailable)
rElec    .         Reflect  .   (no cloak)
rCorr    .         Harm     .   (no gloves)
MR       .....                  (no boots)
Stlth    +.........             (no amulet)
HPRegen  0.05/turn              (no ring)
MPRegen  0.08/turn              (no ring)

@: no status effects
A: permanent stasis, dig shafts and tunnels, four strong arms, antennae 3
a: Dig, Shaft Self


You were on level 1 of the Dungeon.
You were not hungry.

You visited 1 branch of the dungeon, and saw 1 of its levels.

You collected 10 gold pieces.

Inventory:

Hand Weapons
 a - a +0 hand crossbow
 g - a +1 whip of holy wrath (weapon)
Missiles
 d - 18 bolts
Armour
 e - a +0 robe (worn)
Books
 c - a book of Debilitation

   Spells                             Type                      Level
   a - Corona                         Hexes                        1
   b - Slow                           Hexes                        2
   c - Inner Flame                    Hexes/Fire                   3
   d - Portal Projectile              Hexes/Translocation          3
   e - Cause Fear                     Hexes                        4
   f - Leda's Liquefaction            Hexes/Earth                  4
Comestibles
 f - a bread ration


   Skills:
 + Level 2.0 Fighting
 - Level 2.0 Crossbows
 - Level 1.7 Dodging
 - Level 1.1 Spellcasting
 - Level 3.6 Hexes


You had one spell level left.
You knew the following spells:

 Your Spells              Type           Power        Failure   Level  Hunger
a - Corona                Hex            #......      7%          1    ##.....


Dungeon Overview and Level Annotations

Branches:
Dungeon (1/15)

Altars:


Innate Abilities, Weirdness & Mutations

You cannot be hasted, slowed, berserked, paralysed or teleported.
You can dig through walls and to a lower floor.
Your four strong arms can wield two-handed weapons with a shield.
You have a pair of large antennae on your head. (SInv)


Message History

The giant cockroach closely misses you.
You hit the rat.
The rat is moderately wounded.
The goblin misses you. The rat closely misses you.
The giant cockroach bites you. The rat bites you.
You are too injured to fight recklessly!
You are too injured to fight recklessly!
You are too injured to fight recklessly!
You are too injured to fight recklessly!
You are too injured to fight recklessly!
You are too injured to fight recklessly!
You are too injured to fight recklessly!
The giant cockroach bites you.
You barely miss the rat. The rat barely misses you.
The goblin closely misses you. The rat closely misses you.
The giant cockroach bites you.
* * * LOW HITPOINT WARNING * * *
The rat closely misses you. The goblin hits you with a dagger.
You die...

................# ............#
................# ...........#
................# #.........#
.........†.##.### #.........#
..............# #.........#
..#####.#.#...#########.........#
..# #...#...'..................
..# ##..#...###rrs.............
..#### #........@g#####.###......
.....# #...######## #.# ......
.....# #...##.... ..# ......
.....###...##...# #### ......
...g.......##...# ###
#....#####.##...# ..#### #.##)..#
..# #.##...# ..# #.†....#


You could see a giant cockroach, a goblin and 2 rats.

Vanquished Creatures
  A kobold (D:1)
  A bat (D:1)
  3 frilled lizards (D:1)
  2 rats (D:1)
7 creatures vanquished.

Notes
Turn   | Place    | Note
-------+----------+-------------------------------------------
     0 | D:1      | Dipster the Formicid Arcane Marksman began the quest for the Orb.
     0 | D:1      | Reached XP level 1. HP: 15/15 MP: 2/2
   269 | D:1      | Slain by a goblin

Vault maps used:
D:1:      minmay_arrival_up_and_down

Skill      XL: |  1 |
---------------+----+-----
Fighting       | 2 |  2.0
Crossbows      | |  2.0
Dodging        | |  1.7
Spellcasting   | |  1.1
Hexes          | |  3.6

Action                   || total
-------------------------++-------
Melee: Whip              ||    25
 Fire: Hand crossbow     ||     9
Armor: Robe              ||    11
Dodge: Dodged            ||    44

Table legend:
 A = Spawn XP
 B = Non-spawn XP
 C = Spawn XP percentage of total XP
 D = Spawn monster count
 E = Non-spawn monster count
 F = Spawn count percentage of total count
 G = Total turns spent on level
                    A         B        C        D         E        F      G
               +---------+---------+-------+---------+---------+-------+---------
         Total |       1 |       7 |  12.5 |       1 |       6 |  14.3 |   269
               +---------+---------+-------+---------+---------+-------+---------
           D:1 |       1 |       7 |  12.5 |       1 |       6 |  14.3 |   269
               +---------+---------+-------+---------+---------+-------+---------
